 Dungeon Crawl Stone Soup version 0.31-a0-1591-g515db51 (webtiles) character file.

Game seed: 12542702263501067681

104483 porkupine the Thaumaturge (level 15, 129/130 HPs)
             Began as a Grey Draconian Alchemist on June 6, 2023.
             Was the Champion of Lugonu.
             Quit the game on level 2 of the Shoals on Jan 6, 2024.
             The game lasted 03:04:12 (26953 turns).

porkupine the Thaumaturge (DrAl)                   Turns: 26953, Time: 03:04:12

Health: 129/130    AC: 25    Str:  9    XL:     15   Next: 92%
Magic:  39/39      EV: 18    Int: 29    God:    Lugonu [******]
Gold:   1721       SH:  0    Dex: 18    Spells: 3/36 levels left

rFire   . . .        R - +7 flail (distort)
rCold   . . .        (no shield)
rNeg    + . .        (body armour unavailable)
rPois   +            d - +2 hat
rElec   +            r - +2 ratskin cloak {*Rats rPois rN+ Str-1 Int-1 Dex+1}
rCorr   .            P - +1 pair of gloves of Gacieps {Regen+}
SInv    .            L - +3 pair of seven-league boots {Rampage+∞}
Will    +....        H - amulet of magic regeneration
Stlth   ++           q - ring of Biygyew {rElec Int+6}
HPRegen 1.21/turn    T - ring of Bodily Harmony {MP+9 Str-2 Int+2 Dex+6}
MPRegen 0.66/turn

%: rampage+∞
@: no status effects
A: AC +14, amphibious, unfitting armour, cold-blooded
a: Renounce Religion, Depart the Abyss, Banish, Corrupt, Enter the Abyss


You were on level 2 of the Shoals.
You worshipped Lugonu.
Lugonu was exalted by your worship.
You visited 5 branches of the dungeon, and saw 25 of its levels.
You visited the Abyss 1 time.
You also visited: Sewer.

You collected 2308 gold pieces.
You spent 587 gold pieces at shops.

Inventory:

Hand Weapons
 l - the +4 mace "Gram" {vamp, *Noise rC+ MP+9 Dex+8}
   (You found it on level 11 of the Dungeon)

   Dex+8:     It affects your dexterity (+8).
   rC+:       It protects you from cold.
   MP+9:      It affects your magic capacity (+9).
   *Noise:    It may make a loud noise when swung.
 K - a +6 spectral dire flail
 R - a +7 flail of distortion (weapon)
Missiles
 f - a throwing net
 y - 7 curare-tipped darts
 M - 10 atropa-tipped darts
 Q - 10 silver javelins
Armour
 d - a +2 hat (worn)
 r - the +2 ratskin cloak (worn) {*Rats rPois rN+ Str-1 Int-1 Dex+1}
   (You found it on level 3 of the Dungeon)

   *Rats:     When the wearer is hurt, rats may emerge from it to assist them.
   Str-1:     It affects your strength (-1).
   Int-1:     It affects your intelligence (-1).
   Dex+1:     It affects your dexterity (+1).
   rPois:     It protects you from poison rN+: It protects you from negative
   energy.
 L - the +3 pair of seven-league boots (worn) {Rampage+∞}
   (You found it on level 2 of the Lair of Beasts)

   Rampage+∞: When moving toward enemies, its wearer moves as far as possible,
   alerting their target en route.
 P - the +1 pair of gloves of Gacieps (worn) {Regen+}
   (You found it on level 3 of the Lair of Beasts)

   Regen+:    It increases your rate of health regeneration.
Jewellery
 g - a ring of magical power
 q - the ring of Biygyew (left hand) {rElec Int+6}
   (You found it on level 3 of the Dungeon)

   [ring of intelligence]

   Int+6:     It affects your intelligence (+6).
   rElec:     It insulates you from electricity.
 H - an amulet of magic regeneration (around neck)
 T - the ring of Bodily Harmony (right hand) {MP+9 Str-2 Int+2 Dex+6}
   (You found it on level 11 of the Dungeon)

   [ring of magical power]

   Str-2:     It affects your strength (-2).
   Int+2:     It affects your intelligence (+2).
   Dex+6:     It affects your dexterity (+6).
   MP+9:      It affects your magic capacity (+9).
Wands
 e - a wand of polymorph (7)
 u - a wand of flame (1)
 J - a wand of iceblast (19)
 N - a wand of light (7)
Scrolls
 h - 3 scrolls of blinking
 n - 11 scrolls of teleportation
 x - 4 scrolls of fear
 A - 4 scrolls of poison
 B - 3 scrolls of summoning
 F - 3 scrolls of revelation
 G - 3 scrolls of enchant armour
Potions
 a - 4 potions of magic
 b - 9 potions of curing
 c - 2 potions of attraction
 m - 3 potions of berserk rage
 o - 4 potions of might
 p - 5 potions of enlightenment
 s - 7 potions of ambrosia
 v - 5 potions of heal wounds
 z - a potion of cancellation
 E - 3 potions of brilliance
 I - 3 potions of invisibility
 S - a potion of haste
Miscellaneous
 O - a phantom mirror (inert)


   Skills:
 + Level 11.2 Fighting
 - Level 5.2(7.6) Axes
 + Level 8.6(9.2) Maces & Flails
 + Level 9.4 Dodging
 - Level 1.7 Stealth
 * Level 11.3 Spellcasting
 - Level 6.0 Conjurations
 * Level 11.0 Necromancy
 - Level 8.0 Ice Magic
 - Level 5.0 Air Magic
 - Level 9.1 Alchemy
 - Level 10.0 Invocations
 + Level 3.4 Evocations
 - Level 0.8 Shapeshifting


You had 3 spell levels left.
You knew the following spells:

 Your Spells              Type           Power      Damage    Failure   Level
a - Sting                 Conj/Alch      100%       1d9       1%          1
b - Mercury Vapours       Alch/Air       100%       N/A       1%          2
c - Olgreb's Toxic Radia  Alch           62%        N/A       1%          4
d - Vampiric Draining     Necr           69%        2d10      1%          3
e - Mephitic Cloud        Conj/Alch/Air  53%        N/A       1%          3
f - Ozocubu's Armour      Ice            59%        N/A       1%          3
g - Animate Dead          Necr           69%        N/A       1%          4
h - Freezing Cloud        Conj/Ice/Air   26%        6-21      7%          5
i - Infestation           Necr           34%        N/A       93%         8

Your spell library contained the following spells:

 Spells                   Type           Power      Damage    Failure   Level
 Magic Dart               Conj           100%       1d8       1%          1
 Sublimation of Blood     Necr           69%        N/A       1%          2
 Dazzling Flash           Conj/Hex       66%        N/A       2%          3
 Apportation              Tloc           32%        N/A       3%          1
 Sandblast                Erth           32%        2d9       3%          1
 Slow                     Hex            64%        N/A       3%          1
 Summon Small Mammal      Summ           64%        N/A       3%          1
 Call Imp                 Summ           32%        N/A       4%          2
 Call Canine Familiar     Summ           16%        N/A       10%         3
 Confusing Touch          Hex            16%        N/A       10%         3
 Inner Flame              Hex/Fire       16%        N/A       10%         3
 Volatile Blastmotes      Fire/Tloc      32%        2d12      10%         3
 Curse of Agony           Necr           69%        N/A       1%          5
 Alistair's Intoxication  Alch           41%        N/A       2%          5
 Ignite Poison            Fire/Alch      42%        N/A       4%          4
 Petrify                  Alch/Erth      42%        N/A       4%          4
 Sticky Flame             Fire/Alch      42%        2d8       4%          4
 Irradiate                Conj/Alch      28%        3d21      4%          5
 Iskenderun's Mystic Bla  Conj/Tloc      33%        2d8       10%         4
 Borgnjor's Vile Clutch   Necr/Erth      24%        N/A       10%         5
 Yara's Violent Unravell  Hex/Alch       21%        3d10      14%         5
 Summon Blazeheart Golem  Fire/Summ      16%        N/A       32%         4
 Silence                  Hex/Air        15%        N/A       32%         5
 Ozocubu's Refrigeration  Ice            29%        4d14      69%         7
 Starburst                Conj/Fire      16%        6d6       82%         6
 Haunt                    Necr/Summ      24%        N/A       96%         7
 Enfeeble                 Hex            8%         N/A       100%        7
 Ignition                 Fire           8%         3d5       100%        8


Dungeon Overview and Level Annotations

Branches:
Dungeon (15/15)            Temple (1/1) D:7            Lair (5/5) D:11
 Shoals (2/4) Lair:2       Spider (0/4) Lair:3        Slime (0/5) Lair:4
    Orc (2/2) D:9             Elf (0/3) Orc:2        Vaults (0/5) D:14
 Depths (0/4) D:15          Sewer (visited)

Altars:
Ashenzari
Cheibriados
Dithmenos
Elyvilon
Fedhas
Gozag
Hepliaklqana
Kikubaaqudgha
Makhleb
Nemelex Xobeh
Okawaru
Qazlal
Ru
Sif Muna
Trog
Uskayaw
Vehumet
Wu Jian
Xom
Yredelemnul
Zin
The Shining One
Jiyva
Lugonu

Shops:
D:2 =[?   D:5 !([?   D:10 *   D:11 (   D:13 *   Orc:2 [:[([

Annotations:
D:11 2 transporters, Caerwyn's ghost, journeyman DsIE
Abyss:1 Roxanne


Innate Abilities, Weirdness & Mutations

Your dull iron-grey scales are very hard. (AC +14)
You are amphibious.
You cannot fit into any form of body armour.
You are cold-blooded and may be slowed by cold attacks.


Message History

Lugonu says: Spread carnage and corruption!
Press ? for a list of commands and other information.
Done exploring.
There is a stone staircase leading down here.
You climb downwards.
Your mindless puppet stays behind to rot.
There is a stone staircase leading up here.
Cast which spell? (? or * to list)
Okay, then.
Okay, then.
A wind drake comes into view.
Cast which spell? (? or * to list)
You begin to radiate toxic energy.
The wind drake hisses angrily.
The wind drake is poisoned.
The wind drake looks even sicker.
Your toxic aura wanes.
Casting: Olgreb's Toxic Radiance (mildly dangerous; 1% risk of failure)
Confirm with . or Enter, or press ? or * to list all spells.
You begin to radiate toxic energy.
The wind drake looks even sicker.
There is a stone staircase leading up here.
The wind drake exhales a fierce blast of wind!
You are knocked back by the gust of wind.
You slam into the stone wall!
Your toxic aura wanes.
The wind drake flaps its wings at you. The air twists around and strikes you.
You sock the wind drake!
The wind drake is severely wounded.
The wind drake blinks!
The wind drake bites you but does no damage.
You sock the wind drake!
The wind drake is almost dead.
The wind drake bites you but does no damage.
You sock the wind drake! You tail-slap the wind drake.
You kill the wind drake!
Lugonu accepts your kill.
Welcome back, porkupine the Grey Draconian Alchemist.
Lugonu says: Spread carnage and corruption!
Press ? for a list of commands and other information.
Are you sure you want to abandon this character and quit the game? (Confirm with "yes".)

. ...######
~~......##
~~~....~.##
~~~~~~~~P.####
~~~~.~~P~....#
≈~~~.P..PP~..#
~~~~~###.~P†@#
~~~~~ #..P~PP#
≈~~~~...~~~P##
≈≈~~~~~~~P~.#
≈~~~~~PPP.
≈≈≈~~~PPP~.
≈≈≈≈≈≈PP~
≈≈≈≈≈≈~


There were no monsters in sight!

Vanquished Creatures
  Gastronok (Lair:2)
  An orc warlord (Orc:2)
  A merfolk impaler (Shoals:1)
  Fannar (D:10)
  Erolcha (D:10)
  7 hydras
  11 boulder beetles
  4 centaur warriors
  3 two-headed ogres
  A catoblepas (Lair:5)
  2 death yaks (Lair:5)
  Nergalle (D:11)
  3 tengu warriors
  Urug (Lair:5)
  Amaemon (D:11)
  3 skysharks
  5 sea snakes (Shoals:1)
  3 lindwurms
  An occultist (D:11)
  2 orc knights
  3 deep elf pyromancers
  An oklob plant (Orc:2)
  An ugly thing (D:12)
  An orc sorcerer (Orc:2)
  2 manticores
  5 fauns (Shoals:1)
  11 cyclopes
  2 merfolk sirens
  A guardian serpent (Lair:2)
  3 black mambas
  28 elephants
  An orange demon (D:11)
  7 cane toads
  An unseen horror (D:11)
  4 yaktaurs (D:15)
  7 komodo dragons
  A queen bee (Lair:1)
  A rime drake (D:11)
  2 polar bears (Lair:5)
  5 trolls
  4 hornets (Lair:3)
  5 wind drakes
  4 merfolk (Shoals:1)
  8 dream sheep
  10 blink frogs
  2 culicivoras (Lair:3)
  A jumping spider (Lair:3)
  3 slime creatures
  5 wraiths
  A water elemental (Shoals:1)
  33 yaks
  7 wyverns
  2 basilisks
  A steam dragon (D:7)
  4 vampire mosquitoes (D:14)
  3 redbacks (Lair:3)
  3 acid dragons
  16 water moccasins
  A sky beast (D:7)
  28 orc warriors
  3 ice beasts (D:11)
  3 black bears
  4 large abominations (D:11)
  7 centaurs
  6 ogres
  18 wolves
  3 kobold brigands
  2 phantoms
  Blork the orc (D:4)
  11 bullfrogs
  2 gnoll sergeants
  A scorpion (D:5)
  6 small abominations (D:11)
  4 wights
  A yak zombie (D:12)
  37 killer bees
  An electric eel (D:15)
  12 howler monkeys
  4 wolf zombies (Lair:4)
  A lava snake (D:9)
  18 orc priests
  6 hounds
  5 jellies
  A gnoll bouda (D:8)
  Terence (D:2)
  2 iguanas (D:6)
  17 orc wizards
  4 killer bee zombies (Lair:1)
  14 gnolls
  4 river rats (Sewer)
  6 adders
  2 ufetubi
  2 ribbon worms (D:2)
  9 dart slugs
  61 orcs
  5 bats
  22 endoplasms
  2 giant cockroaches
  8 goblins
  9 hobgoblins
  7 jackals
  29 kobolds
  5 quokkas
  11 ball pythons
  A frilled lizard (D:1)
  2 gnoll zombies (D:12)
  5 orc zombies
  19 rats
  3 spectral weapons
688 creatures vanquished.

Vanquished Creatures (collateral kills)
  An ironbound preserver (D:14)
  Josephine (D:10)
  A hydra (D:13)
  A centaur warrior (Shoals:1)
  A boulder beetle (D:14)
  A deep troll shaman (Lair:5)
  An orc high priest (Orc:2)
  2 death yaks (Lair:5)
  3 fauns (Shoals:1)
  A black mamba (Lair:5)
  5 elephants
  A torpor snail (Lair:5)
  2 cane toads (Lair:4)
  2 komodo dragons
  A polar bear (Lair:4)
  A merfolk (Shoals:1)
  4 trolls (Orc:2)
  A wind drake (Shoals:1)
  2 slime creatures (D:12)
  A snapping turtle (Shoals:1)
  A jumping spider (Lair:3)
  4 yaks
  A redback (Lair:3)
  2 acid dragons
  2 water moccasins (Lair:3)
  3 orc warriors (Orc:2)
  An ice beast (D:11)
  5 wolves
  A bullfrog (Lair:3)
  2 killer bees (Lair:1)
  2 jellies (Lair:4)
  An orc wizard (Orc:2)
  A river rat (Sewer)
  An adder (Sewer)
  5 orcs (Orc:2)
  An endoplasm (Lair:4)
66 creatures vanquished.

Vanquished Creatures (others)
  A sea snake zombie (Shoals:1)
  A ynoxinul (Abyss:2)
  3 merfolk zombies (Shoals:1)
  A two-headed ogre zombie (D:10)
  An elephant zombie (Lair:5)
  A water moccasin zombie (Lair:5)
  A wolf zombie (D:11)
  A sleepcap (D:7)
  An orc wizard (D:7)
  9 killer bee zombies (Lair:1)
  An ogre zombie (Orc:2)
  3 acid dragon zombies
  2 howler monkey zombies (D:11)
  3 gnoll zombies (D:12)
  15 orc zombies
  9 spectral weapons
53 creatures vanquished.

Grand Total: 807 creatures vanquished

Notes
Turn   | Place    | Note
-------+----------+-------------------------------------------
     0 | D:1      | porkupine the Draconian Venom Mage began the quest for the
                  | Orb.
     0 | D:1      | Reached XP level 1. HP: 14/14 MP: 3/3
   335 | D:1      | Reached XP level 2. HP: 20/20 MP: 0/5
   456 | D:1      | Found a faded altar of an unknown god.
   465 | D:1      | Prayed at the altar of an unknown god.
   465 | D:1      | Became a worshipper of Fedhas Madash
   465 | D:1      | Reached * piety under Fedhas
   709 | D:1      | Learned a level 2 spell: Mercury Vapours
  1140 | D:2      | Reached XP level 3. HP: 8/27 MP: 0/7
  1242 | D:2      | Noticed Terence
  1274 | D:2      | Killed Terence
  1275 | D:2      | Reached skill level 1 in Fighting
  1275 | D:2      | Reached skill level 1 in Invocations
  1275 | D:2      | HP: 1/28 [worm (9)]
  1393 | D:2      | Reached skill level 1 in Axes
  1406 | D:2      | Found Fexorar's Magic Scroll Emporium.
  1493 | D:2      | Reached XP level 4. HP: 31/35 MP: 5/8
  1766 | D:2      | Learned a level 4 spell: Olgreb's Toxic Radiance
  1848 | D:2      | Found Acwianuh's Jewellery Shoppe.
  1849 | D:2      | Found Vijollikh's Armour Shop.
  2206 | D:3      | Reached ** piety under Fedhas
  2265 | D:3      | Reached XP level 5. HP: 26/41 MP: 9/9
  2836 | D:3      | Reached XP level 6. HP: 31/48 MP: 10/11
  2944 | D:3      | Identified the ring of Biygyew {rElec Int+6}
  3427 | D:3      | Found the +2 ratskin cloak {*Rats rPois rN+ Str-1 Int-1
                  | Dex+1}
  3645 | D:4      | Found a white marble altar of Elyvilon.
  3767 | D:4      | Found a glowing silver altar of Zin.
  3926 | D:4      | Found a glowing drain.
  3945 | Sewer    | Entered a sewer
  4058 | Sewer    | Reached *** piety under Fedhas
  4524 | Sewer    | Your scales start taking on a dull iron-grey colour.
  4524 | Sewer    | Reached XP level 7. HP: 38/56 MP: 13/13
  4813 | D:4      | Noticed Blork the orc
  4826 | D:4      | Killed Blork the orc
  4920 | D:4      | Reached **** piety under Fedhas
  5057 | D:4      | Identified the +6 rapier of Omadaj {speed, rF- Str+9}
  5546 | D:5      | Entered Level 5 of the Dungeon
  5550 | D:5      | Found Nujees's Antique Armour Emporium.
  5565 | D:5      | Found Bourukh's Magic Scroll Shop.
  5574 | D:5      | Bought a scroll of identify for 28 gold pieces
  5612 | D:5      | Found Uffemuub's Distillery.
  5646 | D:5      | Learned a level 3 spell: Vampiric Draining
  5661 | D:5      | Bought a potion of heal wounds for 60 gold pieces
  5690 | D:5      | Reached skill level 1 in Necromancy
  5731 | D:5      | Found Uritat's Antique Weapon Shoppe.
  5780 | D:5      | Noticed a yak
  5780 | D:5      | Noticed a yak
  5781 | D:5      | Noticed a yak
  5782 | D:5      | Noticed a yak
  5783 | D:5      | Noticed a yak
  5792 | D:5      | Killed a yak
  5793 | D:5      | Reached skill level 5 in Alchemy
  5793 | D:5      | Reached XP level 8. HP: 61/63 MP: 8/15
  5799 | D:5      | Reached skill level 5 in Spellcasting
  6693 | D:6      | Found an ancient bone altar of Kikubaaqudgha.
  6785 | D:6      | Reached XP level 9. HP: 72/72 MP: 17/17
  7129 | D:7      | Found a staircase to the Ecumenical Temple.
  7845 | D:7      | Found a blossoming altar of Fedhas.
  8262 | D:8      | Reached skill level 5 in Fighting
  8265 | D:8      | Reached ***** piety under Fedhas
  8420 | D:8      | Learned a level 3 spell: Mephitic Cloud
  8454 | D:8      | Reached skill level 5 in Invocations
  8604 | D:7      | Learned a level 3 spell: Ozocubu's Armour
  8717 | D:8      | Reached skill level 5 in Axes
  8717 | D:8      | Reached skill level 1 in Ice Magic
  8717 | D:8      | Reached XP level 10. HP: 51/82 MP: 18/20
  8988 | Temple   | Entered the Ecumenical Temple
  9347 | D:9      | Reached skill level 5 in Dodging
  9382 | D:9      | Learned a level 4 spell: Animate Dead
  9571 | D:9      | Found a staircase to the Orcish Mines.
  9634 | D:9      | Found a hide-covered altar of Uskayaw.
  9928 | D:9      | Reached skill level 1 in Maces & Flails
 10050 | D:9      | Found a bloodstained altar of Trog.
 10053 | D:9      | Found a shimmering blue altar of Sif Muna.
 10057 | D:9      | Found an opulent altar of Gozag.
 10057 | D:9      | Found a sacrificial altar of Ru.
 10057 | D:9      | Found a stormy altar of Qazlal.
 10059 | D:9      | Found a glowing golden altar of the Shining One.
 10061 | D:9      | Found an iron altar of Okawaru.
 10062 | D:9      | Found a shadowy altar of Dithmenos.
 10241 | D:10     | Entered Level 10 of the Dungeon
 10242 | D:10     | Noticed a two-headed ogre
 10251 | D:10     | Killed a two-headed ogre
 10270 | D:10     | Noticed Fannar
 10281 | D:10     | Noticed Josephine
 10291 | D:10     | Killed Josephine
 10296 | D:10     | Noticed a two-headed ogre
 10308 | D:10     | Killed Fannar
 10587 | D:10     | Found Xiff's Assorted Antiques.
 10713 | D:10     | Reached XP level 11. HP: 36/91 MP: 20/21
 10966 | D:10     | Killed a two-headed ogre
 11078 | D:10     | Reached skill level 5 in Necromancy
 11087 | D:10     | Reached skill level 5 in Ice Magic
 11616 | D:10     | Noticed Erolcha
 11630 | D:10     | Killed Erolcha
 12158 | D:11     | Noticed a two-headed ogre
 12174 | D:11     | Killed a two-headed ogre
 12358 | D:11     | Noticed a two-headed ogre
 12363 | D:11     | Found a transporter.
 12367 | D:11     | Found a transporter.
 12367 | D:11     | Noticed Caerwyn's ghost (journeyman DsIE)
 12566 | D:11     | Noticed a green ugly thing
 12577 | D:11     | Found Fidugiso's Weapon Shop.
 12664 | D:11     | Noticed a boulder beetle
 13055 | D:11     | Noticed Amaemon
 13070 | D:11     | Found a staircase to the Lair.
 13179 | D:11     | Noticed a boulder beetle
 13189 | D:11     | Killed a boulder beetle
 13309 | D:11     | Noticed a wizard
 13312 | D:11     | Noticed Nergalle
 13315 | Abyss:2  | Cast into level 2 of the Abyss (a wizard)
 13358 | Abyss:2  | Noticed a wretched star
 13375 | Abyss:2  | Found a corrupted altar of Lugonu.
 13426 | Abyss:2  | Noticed a bone dragon
 13434 | Abyss:3  | Found a corrupted altar of Lugonu.
 13437 | Abyss:3  | Found a corrupted altar of Lugonu.
 13440 | Abyss:3  | Noticed a wretched star
 13459 | Abyss:3  | Fell from the grace of Fedhas
 13459 | Abyss:3  | Became a worshipper of Lugonu the Unformed
 13459 | Abyss:3  | Reached * piety under Lugonu
 13459 | Abyss:3  | Reached ** piety under Lugonu
 13460 | D:11     | Escaped the Abyss
 13469 | D:11     | Killed a wizard
 13483 | D:11     | Killed Nergalle
 13537 | D:11     | Noticed a large abomination
 13720 | D:11     | Reached XP level 12. HP: 50/100 MP: 19/19
 13732 | D:11     | HP: 1/101 [large abomination (21)]
 14120 | D:10     | Upgraded the game from 0.31-a0-145-g046c7d2 to
                  | 0.31-a0-200-gbc41564
 14177 | Orc:1    | Entered Level 1 of the Orcish Mines
 14492 | Orc:2    | Entered Level 2 of the Orcish Mines
 14704 | Orc:2    | Learned a level 5 spell: Freezing Cloud
 14784 | Orc:2    | Found a staircase to the Elven Halls.
 14817 | Orc:2    | Found Mocvyitt's Armour Shoppe.
 15211 | Orc:2    | Reached skill level 1 in Conjurations
 15419 | Orc:2    | Reached skill level 1 in Air Magic
 15423 | Orc:2    | Reached *** piety under Lugonu
 15596 | Orc:2    | Noticed an orc warlord
 15654 | Orc:2    | Killed an orc warlord
 15810 | Orc:2    | Noticed an orc high priest
 15819 | Orc:2    | Killed an orc high priest
 16268 | Orc:2    | Found Epocosi's Armour Shoppe.
 16276 | Orc:2    | Reached **** piety under Lugonu
 16374 | Orc:2    | Found Qimp's Book Emporium.
 16452 | Orc:2    | Found Wez Mex's Antique Weapon Emporium.
 16454 | Orc:2    | Found Ytoyshe's Antique Armour Shoppe.
 16534 | Orc:2    | Found a shimmering blue altar of Sif Muna.
 16700 | Lair:1   | Entered Level 1 of the Lair of Beasts
 16706 | Lair:1   | Identified a scroll of acquirement
 16706 | Lair:1   | Acquired a +1 pair of gloves of dexterity
 17108 | Lair:1   | Reached skill level 5 in Maces & Flails
 17517 | Lair:1   | Was forgiven by Fedhas
 17660 | Lair:2   | Noticed Gastronok
 17672 | Lair:2   | Killed Gastronok
 17673 | Lair:2   | Reached XP level 13. HP: 64/108 MP: 25/25
 17973 | Lair:2   | Reached ***** piety under Lugonu
 18171 | Lair:2   | Found a staircase to the Shoals.
 18533 | Lair:2   | Found the +3 pair of seven-league boots {Rampage+∞}
 19066 | Lair:3   | Identified the +1 pair of gloves of Gacieps {Regen+}
 19116 | Lair:3   | Reached skill level 5 in Conjurations
 19372 | Lair:3   | Found a hole to the Spider Nest.
 19772 | Lair:3   | Got the Spellbook of Snow and Earth
 19773 | Lair:3   | Upgraded the game from 0.31-a0-200-gbc41564 to
                  | 0.31-a0-216-g22e908d
 19804 | Lair:3   | Reached XP level 14. HP: 118/118 MP: 27/27
 20245 | Lair:4   | Reached skill level 5 in Air Magic
 20513 | Lair:4   | Found a staircase to the Slime Pits.
 20517 | Lair:4   | Found a viscous altar of Jiyva.
 20867 | Lair:5   | Entered Level 5 of the Lair of Beasts
 20870 | Lair:5   | Reached ****** piety under Lugonu
 21123 | Lair:5   | Upgraded the game from 0.31-a0-216-g22e908d to
                  | 0.31-a0-217-g58bb5d7
 21487 | D:11     | Bought a +5 flail of protection for 499 gold pieces
 21487 | D:11     | Identified a +7 flail of distortion (a +5 flail of
                  | protection corrupted by Lugonu)
 21487 | D:11     | Received a gift from Lugonu
 21835 | Lair:5   | Reached skill level 10 in Fighting
 22345 | Lair:5   | Noticed Urug
 22355 | Lair:5   | Killed Urug
 22698 | D:11     | Reached skill level 10 in Spellcasting
 22783 | D:11     | Identified the ring of Bodily Harmony {MP+9 Str-2 Int+2
                  | Dex+6}
 22794 | D:11     | Identified the +4 mace "Gram" {vamp, *Noise rC+ MP+9 Dex+8}
 22964 | D:11     | Killed Amaemon
 23060 | D:12     | Reached XP level 15. HP: 112/127 MP: 29/29
 23562 | D:13     | Reached skill level 10 in Invocations
 23608 | D:13     | Found Kupiog's General Store.
 23917 | D:13     | Learned a level 8 spell: Infestation
 24347 | D:14     | Reached skill level 1 in Evocations
 24456 | D:14     | Reached skill level 10 in Necromancy
 24457 | D:14     | Found a gate to the Vaults.
 24979 | D:15     | Entered Level 15 of the Dungeon
 25098 | D:15     | Identified the +0 ring mail of Chimes {rF+ Slay+2}
 25573 | D:15     | Found a staircase to the Depths.
 25573 | D:15     | Noticed a frost giant
 25595 | D:15     | Banished a frost giant
 25764 | D:15     | Upgraded the game from 0.31-a0-217-g58bb5d7 to
                  | 0.31-a0-229-g1fc7ce9
 25927 | Shoals:1 | Entered Level 1 of the Shoals
 26123 | Shoals:1 | Upgraded the game from 0.31-a0-229-g1fc7ce9 to
                  | 0.31-a0-234-gad7ace1
 26123 | Shoals:1 | Upgraded the game from 0.31-a0-234-gad7ace1 to
                  | 0.31-a0-269-g3aca3be
 26270 | Shoals:1 | Upgraded the game from 0.31-a0-269-g3aca3be to
                  | 0.31-a0-277-g31ea1f6
 26270 | Shoals:1 | Upgraded the game from 0.31-a0-277-g31ea1f6 to
                  | 0.31-a0-286-gf123eb1
 26270 | Shoals:1 | Upgraded the game from 0.31-a0-286-gf123eb1 to
                  | 0.31-a0-325-g067879e
 26270 | Shoals:1 | Upgraded the game from 0.31-a0-325-g067879e to
                  | 0.31-a0-354-g827e095
 26270 | Shoals:1 | Upgraded the game from 0.31-a0-354-g827e095 to
                  | 0.31-a0-358-gac0dbeb
 26270 | Shoals:1 | Upgraded the game from 0.31-a0-358-gac0dbeb to
                  | 0.31-a0-360-gb3e1d13
 26270 | Shoals:1 | Upgraded the game from 0.31-a0-360-gb3e1d13 to
                  | 0.31-a0-626-g8143ab4
 26270 | Shoals:1 | Upgraded the game from 0.31-a0-626-g8143ab4 to
                  | 0.31-a0-627-gd65175c
 26270 | Shoals:1 | Upgraded the game from 0.31-a0-627-gd65175c to
                  | 0.31-a0-716-gc760375
 26270 | Shoals:1 | Upgraded the game from 0.31-a0-716-gc760375 to
                  | 0.31-a0-726-g3c93526
 26270 | Shoals:1 | Upgraded the game from 0.31-a0-726-g3c93526 to
                  | 0.31-a0-1287-g2f004bd
 26270 | Shoals:1 | Upgraded the game from 0.31-a0-1287-g2f004bd to
                  | 0.31-a0-1301-g7e11add
 26270 | Shoals:1 | Upgraded the game from 0.31-a0-1301-g7e11add to
                  | 0.31-a0-1307-g5f2baee
 26270 | Shoals:1 | Upgraded the game from 0.31-a0-1307-g5f2baee to
                  | 0.31-a0-1308-ga3cce3a
 26270 | Shoals:1 | Upgraded the game from 0.31-a0-1308-ga3cce3a to
                  | 0.31-a0-1309-gbf3fed3
 26365 | Shoals:1 | Identified Roxanne's Codex of Reconstruction
 26365 | Shoals:1 | Noticed Roxanne
 26381 | Shoals:1 | Banished Roxanne
 26922 | Shoals:1 | Upgraded the game from 0.31-a0-1309-gbf3fed3 to
                  | 0.31-a0-1323-g0d4b2e2
 26922 | Shoals:1 | Upgraded the game from 0.31-a0-1323-g0d4b2e2 to
                  | 0.31-a0-1376-g36f0627
 26922 | Shoals:1 | Upgraded the game from 0.31-a0-1376-g36f0627 to
                  | 0.31-a0-1388-g4b2ba23
 26922 | Shoals:1 | Upgraded the game from 0.31-a0-1388-g4b2ba23 to
                  | 0.31-a0-1403-gd128f73
 26922 | Shoals:1 | Upgraded the game from 0.31-a0-1403-gd128f73 to
                  | 0.31-a0-1407-ga5f2854
 26922 | Shoals:1 | Upgraded the game from 0.31-a0-1407-ga5f2854 to
                  | 0.31-a0-1426-g7f6f75e
 26922 | Shoals:1 | Upgraded the game from 0.31-a0-1426-g7f6f75e to
                  | 0.31-a0-1444-g3ad46bb
 26922 | Shoals:1 | Upgraded the game from 0.31-a0-1444-g3ad46bb to
                  | 0.31-a0-1447-g87ca8d4
 26922 | Shoals:1 | Upgraded the game from 0.31-a0-1447-g87ca8d4 to
                  | 0.31-a0-1467-g53b6572
 26922 | Shoals:1 | Upgraded the game from 0.31-a0-1467-g53b6572 to
                  | 0.31-a0-1529-g7bd419a
 26953 | Shoals:2 | Upgraded the game from 0.31-a0-1529-g7bd419a to
                  | 0.31-a0-1591-g515db51
 26953 | Shoals:2 | Quit the game

Illustrated notes

Levels and vault maps discovered:
D:1:      heliophobic_arrival_dark_side_of_the_moon, layout_basic,
          ebering_ecumenical_altar_mist
D:2:      layout_basic, serial_shops, nicolae_shop_tiny_waterfront,
          nicolae_shop_gaudy_bauble, shop, uniq_terence
D:3:      layout_basic
D:4:      layout_loops_corners, elyvilon_altar_1, lemuel_round_altar,
          cheibrodos_sewer_entry_sluice, uniq_blork_the_orc
D:5:      layout_loops_cross, serial_shops, nicolae_shop_hallway_stairs, shop,
          nicolae_shop_peninsula, shop, hangedman_decor_clover_reticule,
          hellmonk_bongcloud_opening
D:6:      kennysheep_slugbush, layout_cave_pools, lemuel_crystal_altar
D:7:      layout_loops_corners, fedhas_altar_4, minmay_temple_entry_glassed_door
D:8:      layout_rooms, small_statue_intersection
D:9:      layout_loops_ring, nicolae_uskayaw_suspiria, minitemple,
          small_statue_intersection
D:10:     layout_basic, serial_shops, nicolae_take_the_stairs, uniq_fannar,
          uniq_josephine, uniq_erolcha
D:11:     layout_long_grid, hellmonk_lair_entry_icy, serial_shops, shop,
          nzn_ghost_randoct, laboratory, uniq_nergalle, uniq_amaemon
D:12:     layout_cave_pools, grunt_decor_junction, hangedman_corner_corridor
D:13:     layout_loops_ring, serial_shops, shop
D:14:     layout_layer_cave, skrybe_vaults_entry_preservation
D:15:     grunt_enter_depths_snipers, layout_small_grid, minivault_4
Temple:   corrupted_temple
Lair:1:   layout_roguey [special_room_bee]
Lair:2:   layout_roguey, elwin_shoals_entry_rooms,
          hellmonk_guarded_unrand_seven_league_boots, serial_bayou_shore_b,
          infiniplex_staircase_pool_2, uniq_gastronok
Lair:3:   cheibrodos_lair_overgrown_chateau, layout_chaotic_city,
          nicolae_spider_entry_tight_spaces
Lair:4:   lemuel_slime, layout_hall_layers, slime_entry_1
Lair:5:   grunt_lair_end_beastmaster, layout_regular_city, uniq_urug
Shoals:1: layout_shoals, uniq_roxanne
Shoals:2: layout_shoals
Orc:1:    layout_caves, nicolae_orc_lava_room
Orc:2:    grunt_orc_community_town_hall, layout_caves,
          grunt_orc_community_big_house_2, grunt_orc_community_big_house_1,
          grunt_orc_community_house_1, grunt_orc_community_house_1,
          grunt_orc_community_house_2, grunt_orc_community_house_3,
          serial_shops, nicolae_shop_tiny_statue_garden, gauntlet_entry_generic,
          basic_altar, kennysheep_orc_sif_temple

Skill      XL: |  1  2  3  4  5  6  7  8  9 10 11 12 13 14 15 |
---------------+----------------------------------------------+-----
Fighting       | 1 2 3 4 5 6 7 8 9 10 11 | 11.2
Invocations    | 1 2 3 4 5 6 7 8 9 10 | 10.0
Axes           | 1 2 3 5 |  5.2
Spellcasting   | 3 4 5 6 7 8 9 10 11 | 11.3
Dodging        | 2 3 4 5 6 7 8 9 |  9.4
Alchemy        | 4 5 6 7 8 9 |  9.1
Necromancy     | 1 3 4 5 6 7 9 11 | 11.0
Ice Magic      | 1 4 6 7 8 |  8.0
Maces & Flails | 2 4 5 6 7 8 |  8.6
Conjurations   | 3 5 6 |  6.0
Air Magic      | 3 4 5 |  5.0
Evocations     | 3 |  3.4
Shapeshifting  | 0 |  0.8
Transmutations | 3 |  0.0
Stealth        | |  1.7

Action                     |  1- 3 |  4- 6 |  7- 9 | 10-12 | 13-15 || total
---------------------------+-------+-------+-------+-------+-------++-------
  Melee: Whip              |     5 |       |       |       |       ||     5
         Tailslap          |     4 |    16 |    21 |    84 |   150 ||   275
         Battleaxe         |    42 |   190 |   186 |    24 |       ||   442
         Dire flail        |       |       |       |   457 |   572 ||  1029
         Flail             |       |       |       |       |   130 ||   130
         Punch             |       |       |       |       |     4 ||     4
   Cast: Sting             |    26 |    52 |    31 |    27 |       ||   136
         Mercury Vapours   |     2 |    27 |    27 |    17 |     5 ||    78
         Olgreb's Toxic Ra |       |     1 |    32 |    82 |    45 ||   160
         Ozocubu's Armour  |       |       |       |    21 |     4 ||    25
         Animate Dead      |       |       |       |     8 |    15 ||    23
         Mephitic Cloud    |       |       |       |    12 |     5 ||    17
         Vampiric Draining |       |       |       |     9 |     2 ||    11
         Freezing Cloud    |       |       |       |     4 |    64 ||    68
 Invoke: Wall of Briars    |       |       |       |     1 |       ||     1
         Depart the Abyss  |       |       |       |     1 |       ||     1
         Brand Weapon With |       |       |       |       |     1 ||     1
  Evoke: Wand              |       |       |       |     9 |       ||     9
         Phantom mirror    |       |       |       |       |     1 ||     1
    Use: Scroll            |       |     2 |    12 |    15 |    11 ||    40
         Potion            |       |       |       |     1 |       ||     1
   Stab: Sleeping          |     3 |       |     3 |     3 |     4 ||    13
         Distracted        |       |       |     1 |     3 |    18 ||    22
         Confused          |       |       |       |     3 |       ||     3
         Petrified         |       |       |       |       |     3 ||     3
 Armour: Skin              |    20 |   102 |   148 |   235 |   392 ||   897
  Dodge: Dodged            |    45 |   180 |   155 |   311 |   480 ||  1171

Table legend: (Time is in decaauts)
 A = Elapsed time spent in this place.
 B = Non-inter-level travel time spent in this place.
 C = Inter-level travel time spent in this place.
 D = Time resting spent in this place.
 E = Time spent auto-exploring this place.
 F = Levels seen in this place.
 G = Mean time per level.
                   A        B        C        D        E       F      G
               +--------+--------+--------+--------+--------+-----+--------+
         Total |  27236 |  25492 |   1744 |    786 |  19915 |  28 |  972.7 |
       Dungeon |  16821 |  15716 |   1105 |    471 |  12520 |  15 | 1121.4 |
        Temple |     45 |     32 |     13 |      0 |     28 |   1 |   45.0 |
          Lair |   5889 |   5360 |    529 |    313 |   4007 |   5 | 1177.8 |
        Shoals |   1021 |   1010 |     11 |      2 |    781 |   2 |  510.5 |
  Orcish Mines |   2444 |   2360 |     84 |      0 |   1855 |   2 | 1222.0 |
         Abyss |    144 |    144 |      0 |      0 |    103 |   2 |   72.0 |
         Sewer |    868 |    868 |      0 |      0 |    620 |   1 |  868.0 |
               +--------+--------+--------+--------+--------+-----+--------+

Top non-repeatable levels by time:
    D:10: 2334 daAuts
   Orc:2: 2020 daAuts
    D:11: 2013 daAuts
     D:7: 1458 daAuts
     D:3: 1447 daAuts
  Lair:5: 1372 daAuts
  Lair:2: 1371 daAuts
     D:1: 1318 daAuts
     D:4: 1185 daAuts
  Lair:3: 1164 daAuts
  Lair:1: 1100 daAuts
Shoals:1: 1001 daAuts
     D:5: 989 daAuts
     D:9: 971 daAuts
     D:2: 896 daAuts
